Cogmind - Beta 14 @@@ ROGUE MODE // 2024.11.09 @ 03:11:09 Player: JP Result: Destroyed by G-47 Trooper with Particle Gun Performance ------------- Evolutions (3) 1500 Regions Visited (6) 1200 Robots Destroyed (23) 115 Value Destroyed (904) 904 Prototype IDs (3) 60 Alien Tech Used (0) 0 Bonus (300) 300 TOTAL SCORE: 4079 Bonus ------- Aligned with FarCom 300 Cogmind --------- Core Integrity 0/700 Matter 155/300 Energy 99/100 System Corruption 19% Temperature Cool (9) Movement Core (50) Location -7/Factory Parts ------- > --- POWER (1) -------- (None) > --- PROPULSION (4) --- (None) > --- UTILITY (6) ------ (None) > --- WEAPON (2) ------- (None) > --- INVENTORY (5) ---- VSS Leg Wheel Medium Storage Unit Precision Grenade Launcher Precision Grenade Launcher Peak State ------------ > --- POWER ------------ Nuclear Core > --- PROPULSION ------- Advanced Treads Medium Treads Improved Titanium Leg Improved Titanium Leg > --- UTILITY ---------- Improved Heat Sink Medium Storage Unit Experimental Sensor Array Improved Terrain Scan Processor Medium Reactive Plating > --- WEAPON ----------- Lightning Gun High-powered Shock Rifle > --- INVENTORY -------- Carbon-fiber Leg Wheel Medium Storage Unit Precision Grenade Launcher Precision Grenade Launcher [Rating: 48] Favorites ----------- Power Nuclear Core Engine Light Ion Engine Power Core Nuclear Core Propulsion Light Treads Treads Light Treads Leg Carbon-fiber Leg Utility Medium Storage Unit Device Improved Heat Sink Storage Medium Storage Unit Processor Improved Terrain Scan Processor Protection Medium Reactive Plating Weapon High-powered Shock Rifle Energy Gun High-powered Shock Rifle Ballistic Gun Light Assault Rifle Launcher Precision Grenade Launcher Slashing Weapon Axe Build | -11 -10 -10 -10 -9 -8 -7 ------- Run | Yrd Mat Min Exi Min Mat Fac Slots Evolved 6 | . . . . . 4 2 Power . | . . . . . . . Propulsion 2 | . . . . . 2 . Utility 4 | . . . . . 2 2 Weapon . | . . . . . . . Parts Attached 64 | 6 3 . . . 17 38 Power 6 | 1 1 . . . 3 1 Engine 3 | 1 . . . . 2 . Core 3 | . 1 . . . 1 1 Reactor . | . . . . . . . Propulsion 15 | 2 . . . . 7 6 Treads 7 | 2 . . . . 2 3 Leg 8 | . . . . . 5 3 Wheel . | . . . . . . . Hover . | . . . . . . . Flight . | . . . . . . . Utility 14 | 1 2 . . . 3 8 Device 6 | . 1 . . . 1 4 Storage 4 | 1 1 . . . . 2 Processor 1 | . . . . . 1 . Hackware . | . . . . . . . Protection 3 | . . . . . 1 2 Artifact . | . . . . . . . Weapon 29 | 2 . . . . 4 23 Energy Gun 17 | . . . . . 2 15 Energy Cannon . | . . . . . . . Ballistic Gun 3 | 2 . . . . 1 . Ballistic Cannon . | . . . . . . . Launcher 4 | . . . . . 1 3 Special Weapon . | . . . . . . . Impact Weapon . | . . . . . . . Slashing Weapon 5 | . . . . . . 5 Piercing Weapon . | . . . . . . . Special Melee Weapon . | . . . . . . . Unidentified Prototypes 3 | . . . . . 1 2 Corrupted Parts 1 | . . . . . . 1 System Corruption 1 | . . . . . . 1 Parts Lost 18 | . . . . . 1 17 Power 3 | . . . . . 1 2 Propulsion 5 | . . . . . . 5 Utility 5 | . . . . . . 5 Weapon 5 | . . . . . . 5 Highest Loss Streak 6 | . . . . . 1 6 To Critical Strikes . | . . . . . . . Average Slot Usage (%) 87 | . 94 100 100 100 98 77 Core 7 | . 7 14 14 14 7 5 Treads 16 | . 28 28 28 28 20 11 Leg 9 | . . . . . 14 10 Device 9 | . 9 14 14 14 10 8 Storage 11 | . 14 14 14 14 9 11 Processor 5 | . . . . . 8 6 Protection 6 | . . . . . 7 8 Energy Gun 5 | . . . . . 2 9 Ballistic Gun 9 | . 28 28 28 28 15 . Slashing Weapon 1 | . . . . . . 2 Peak Build Rating 48 | 6 10 11 11 11 30 48 Average Rating 26 | 4 8 10 11 11 22 34 On Entrance 11 | . 6 10 11 11 11 30 Naked Turns 289 | . . . . . . 289 Heaviest Build 69 | 11 19 19 19 19 32 69 Greatest Support 72 | 40 40 40 40 40 60 72 Greatest Overweight (x) 3 | . . . . . 1 3 Average Overweight (x) . | . . . . . . . Largest Inventory Capacity 10 | 8 10 10 10 10 10 10 Average Capacity 9 | 6 9 10 10 10 10 9 Most Carried 10 | 6 10 10 10 10 10 10 Average Carried 8 | 3 8 9 10 10 9 7 Final Capacity 10 | 8 10 10 10 10 10 5 Final Carried 10 | 6 10 10 10 10 10 5 Class Distribution -------------------- 79% | Mutant 8% | Scavenger-Mutant 8% | Skirmisher 4% | Scavenger-Skirmisher Dominant Class ---------------- Mutant | -10/Materials Mutant | -10/Mines Mutant | -10/Exiles Skirmisher | -9/Mines Mutant | -8/Materials Mutant | -7/Factory Resources | -11 -10 -10 -10 -9 -8 -7 ----------- Run | Yrd Mat Min Exi Min Mat Fac Matter Collected 877 | . 184 89 . . 306 298 Remotely . | . . . . . . . Salvage Created 1055 | . 74 . . . 409 572 Parts 44 | . 5 . . . 14 25 Haulers Intercepted . | . . . . . . . Recyclers Shooed . | . . . . . . . Parts Field Recycled . | . . . . . . . Retrieved Matter . | . . . . . . . Parts Self-Destructed . | . . . . . . . Prevented . | . . . . . . . Kills | -11 -10 -10 -10 -9 -8 -7 ------- Run | Yrd Mat Min Exi Min Mat Fac Combat Hostiles Destroyed 17 | . 1 . . . 8 8 Melee 1 | . . . . . . 1 Guns 10 | . 1 . . . 7 2 AOE 3 | . . . . . . 3 Classes Destroyed 8 | . 2 . . . 2 4 Builder 1 | . . . . . . 1 Recycler 3 | . . . . . . 3 Watcher 2 | . 1 . . . 1 . Grunt 7 | . 1 . . . 3 3 Duelist 1 | . . . . . . 1 Sentry 4 | . . . . . 3 1 Hunter 3 | . . . . . 2 1 Programmer 2 | . . . . . . 2 Best Kill Streak 6 | . 1 . . . 4 6 Combat Bots Only 4 | . 1 . . . 4 2 Max Kills in Single Turn 3 | . 1 . . . 1 3 Gunslinging . | . . . . . . . Exploded 1 | . . . . . . 1 Melee 1 | . . . . . . 1 Uniques/NPCs Destroyed . | . . . . . . . Combat | -11 -10 -10 -10 -9 -8 -7 -------- Run | Yrd Mat Min Exi Min Mat Fac Hostile Shots Fired 400 | . 11 1 . . 77 311 Missed 133 | . 4 . . . 15 114 Damage Taken 3829 | . 80 11 . . 1011 2727 Core 797 | . 11 . . . 73 713 Absorbed by Shields . | . . . . . . . Ignored by Resistances 22 | . . . . . . 22 Regen/Repaired (Parts) 123 | . . . . . 123 . Core Remaining (%) 93 | 100 . . . 95 86 . Volleys Fired 108 | . 6 . . . 42 60 Largest 2 | . 2 . . . 2 2 Hottest 120 | . 40 . . . 111 120 Shots Fired 202 | . 12 . . . 82 108 Gun 196 | . 12 . . . 80 104 Cannon . | . . . . . . . Launcher 6 | . . . . . 2 4 Special . | . . . . . . . Kinetic 61 | . 12 . . . 49 . Thermal 31 | . . . . . 31 . Explosive 6 | . . . . . 2 4 Electromagnetic 104 | . . . . . . 104 Robot Hit Streak 18 | . 8 . . . 18 8 Robot Miss Streak 3 | . 1 . . . 1 3 Penetration Max . | . . . . . . . Secondary Targets 1 | . . . . . . 1 Max Gunslinging Chain 1 | . . . . . . 1 Shots Hit Robots 139 | . 10 . . . 63 66 Core Hits 59 | . 3 . . . 25 31 Critical Kills . | . . . . . . . Critical Parts Destroyed . | . . . . . . . Critical Strikes 5 | . . . . . 1 4 Burn 1 | . . . . . 1 . Corrupt 4 | . . . . . . 4 Melee Attacks 18 | . . . . . . 18 Impact . | . . . . . . . Slashing 18 | . . . . . . 18 Piercing . | . . . . . . . Sneak Attacks . | . . . . . . . Combat Hostiles . | . . . . . . . Follow-up Attacks . | . . . . . . . Damage Inflicted 2330 | . 103 . . . 872 1355 Guns 1521 | . 103 . . . 737 681 Cannons . | . . . . . . . Explosions 761 | . . . . . 135 626 Melee 34 | . . . . . . 34 Ramming 14 | . . . . . . 14 Kinetic 420 | . 103 . . . 317 . Thermal 540 | . . . . . 420 120 Explosive 641 | . . . . . 135 506 Electromagnetic 681 | . . . . . . 681 Impact . | . . . . . . . Slashing 34 | . . . . . . 34 Piercing . | . . . . . . . Highest Corruption 19 | . . . . . 1 19 Average Corruption 6 | . . . . . 1 9 Corruption Purged . | . . . . . . . Corruption Blocked . | . . . . . . . Effects 49 | . . . . . 3 46 Message Errors 12 | . . . . . 1 11 Matter Fused 12 | . . . . . . 12 Heat Flow Errors 4 | . . . . . . 4 Energy Discharges 4 | . . . . . . 4 Parts Rejected 2 | . . . . . . 2 Parts Fused 2 | . . . . . . 2 Data Loss (minor) 4 | . . . . . . 4 Data Loss (major) 7 | . . . . . 1 6 Misdirections 1 | . . . . . . 1 Weapon Failures 1 | . . . . . 1 . Overload Shots . | . . . . . . . Overflow Damage 13 | . . . . . . 13 Projectiles . | . . . . . . . Explosions 13 | . . . . . . 13 Melee . | . . . . . . . Knockbacks . | . . . . . . . Impact . | . . . . . . . Kinetic . | . . . . . . . Secondary . | . . . . . . . Self-Inflicted Damage 52 | . . . . . . 52 Shots 1 | . . . . . . 1 Rammed 2 | . . . . . . 2 Targets Rammed 2 | . . . . . . 2 Kicked . | . . . . . . . Crushed . | . . . . . . . Highest Temperature 374 | . 14 . . . 234 374 Average Temperature 97 | . 6 . . . 98 102 Received Heat Transfer 606 | . 42 6 . . 207 351 Siege Activations . | . . . . . . . Robots Corrupted 2 | . . . . . . 2 Combat Hostiles 2 | . . . . . . 2 Parts Fried 9 | . . . . . . 9 Impact Corruptions . | . . . . . . . Robots Melted 1 | . . . . . 1 . Combat Hostiles 1 | . . . . . 1 . Parts Melted 4 | . . . . . 4 . Heat Transferred 1136 | . . . . . 1036 100 Parts Sabotaged . | . . . . . . . Parts Stolen . | . . . . . . . Parts Stripped . | . . . . . . . Power Chain Reactions 2 | . . . . . . 2 Alert | -11 -10 -10 -10 -9 -8 -7 ------- Run | Yrd Mat Min Exi Min Mat Fac Peak Influence 432 | . 34 13 . . 172 432 Initial 52 | . . 13 . . . 52 Average 63 | . 12 13 . . 58 78 Maximum Alert Level 2 | . . . . . . 2 Low Security (%) 93 | 100 100 100 . 100 100 88 Level 1 5 | . . . . . . 9 Level 2 1 | . . . . . . 1 Level 3 . | . . . . . . . Level 4 . | . . . . . . . Level 5 . | . . . . . . . High Security . | . . . . . . . Max Security . | . . . . . . . Squads Dispatched 6 | . 1 . . . 2 3 Investigation 1 | . 1 . . . . . Extermination 2 | . . . . . . 2 Reinforcement 3 | . . . . . 2 1 Assault . | . . . . . . . Garrison . | . . . . . . . Intercept . | . . . . . . . Searches Triggered . | . . . . . . . Construction Impeded . | . . . . . . . Haulers Reinforced . | . . . . . . . Active Scanning Responses . | . . . . . . . Cargo Convoy Interrupts . | . . . . . . . Stealth | -11 -10 -10 -10 -9 -8 -7 --------- Run | Yrd Mat Min Exi Min Mat Fac Distress Signals 7 | . 1 . . . 3 3 Communications Jammed . | . . . . . . . Distress Signals . | . . . . . . . Times Spotted 80 | . 4 2 . . 21 53 Peak Tracking Total 8 | . 2 2 . . 3 8 Tactical Retreats 14 | . . . . . 2 12 Traps | -11 -10 -10 -10 -9 -8 -7 ------- Run | Yrd Mat Min Exi Min Mat Fac Traps Triggered 8 | . 1 . . . 3 4 Indirectly . | . . . . . . . Trap Hack Attempts . | . . . . . . . Triggered . | . . . . . . . Disarmed . | . . . . . . . Reprogrammed . | . . . . . . . Reused . | . . . . . . . Traps Extracted . | . . . . . . . Installed . | . . . . . . . Triggered 1 | . . . . . . 1 Machines | -11 -10 -10 -10 -9 -8 -7 ---------- Run | Yrd Mat Min Exi Min Mat Fac Machines Disabled . | . . . . . . . Max in Single Turn . | . . . . . . . Machines Repaired . | . . . . . . . Machines Dismantled . | . . . . . . . Machines Sabotaged . | . . . . . . . Overloaded Fab Kills . | . . . . . . . Hacking | -11 -10 -10 -10 -9 -8 -7 --------- Run | Yrd Mat Min Exi Min Mat Fac Machines Accessed 5 | . 2 . . . 2 1 Terminals 3 | . 2 . . . 1 . Fabricators . | . . . . . . . Repair Stations 2 | . . . . . 1 1 Recycling Units . | . . . . . . . Scanalyzers . | . . . . . . . Garrison Access . | . . . . . . . Total Hacks 13 | . 6 . . . 5 2 Successful 7 | . 3 . . . 3 1 Failed 6 | . 3 . . . 2 1 Catastrophic . | . . . . . . . Database Lockouts . | . . . . . . . Manual 6 | . 4 . . . 2 . Terminals 8 | . 6 . . . 2 . Fabricators . | . . . . . . . Repair Stations 5 | . . . . . 3 2 Recycling Units . | . . . . . . . Scanalyzers . | . . . . . . . Garrison Access . | . . . . . . . Terminal Hacks 1 | . 1 . . . . . Emergency Access Points 1 | . 1 . . . . . Fabricator Hacks . | . . . . . . . Repair Station Hacks 3 | . . . . . 2 1 Scan Component 2 | . . . . . 1 1 Repair 1 | . . . . . 1 . Recycling Unit Hacks . | . . . . . . . Scanalyzer . | . . . . . . . Garrison Access Hacks . | . . . . . . . Unauthorized Hacks 3 | . 2 . . . 1 . Terminals 3 | . 2 . . . 1 . Botnet 3 | . 2 . . . 1 . Fabricators . | . . . . . . . Repair Stations . | . . . . . . . Recycling Units . | . . . . . . . Scanalyzers . | . . . . . . . Garrison Access . | . . . . . . . Data Cores Recovered . | . . . . . . . Used . | . . . . . . . Hacking Detections 5 | . 2 . . . 2 1 Full Trace Events . | . . . . . . . Feedback Events . | . . . . . . . Feedback Blocked . | . . . . . . . Robot Schematics Acquired . | . . . . . . . Robots Built . | . . . . . . . Authchips . | . . . . . . . Time . | . . . . . . . Total Robot Build Rating . | . . . . . . . Part Schematics Acquired . | . . . . . . . Parts Built . | . . . . . . . Authchips . | . . . . . . . Time . | . . . . . . . Total Part Build Rating . | . . . . . . . Parts Repaired 1 | . . . . . 1 . Time 26 | . . . . . 26 . Parts Recycled . | . . . . . . . Recycled Matter . | . . . . . . . Retrieved Matter . | . . . . . . . Retrieved Components . | . . . . . . . Parts Scanalyzed . | . . . . . . . Part Schematics Acquired . | . . . . . . . Parts Damaged . | . . . . . . . Bothacking | -11 -10 -10 -10 -9 -8 -7 ------------ Run | Yrd Mat Min Exi Min Mat Fac Used RIF Installer . | . . . . . . . Robots Hacked . | . . . . . . . Non-combat . | . . . . . . . Combat . | . . . . . . . Robot Hacks Applied . | . . . . . . . Relay Couplers Released . | . . . . . . . Fabnet Peak Effective % . | . . . . . . . Robots Rewired . | . . . . . . . Allies Hacked . | . . . . . . . Hacks Repelled . | . . . . . . . Allies | -11 -10 -10 -10 -9 -8 -7 -------- Run | Yrd Mat Min Exi Min Mat Fac Total Allies 2 | . . 2 . . . . Largest Group 2 | . . 2 2 . . . Highest-Rated Group 43 | . . 43 43 . . . Highest-Rated Ally 31 | . . 31 31 . . . Total Orders . | . . . . . . . Ally Attacks . | . . . . . . . Total Damage . | . . . . . . . Kills . | . . . . . . . Allies Corrupted . | . . . . . . . Allies Melted . | . . . . . . . Intel | -11 -10 -10 -10 -9 -8 -7 ------- Run | Yrd Mat Min Exi Min Mat Fac Robot Analysis Total . | . . . . . . . Derelict Logs Recovered 1 | . . . . 1 . . Drone Launches . | . . . . . . . Drone Recoveries . | . . . . . . . Exploration | -11 -10 -10 -10 -9 -8 -7 ------------- Run | Yrd Mat Min Exi Min Mat Fac Turns Passed 3957 | 75 203 179 271 50 1069 2110 Spaces Moved 2178 | 40 104 106 170 32 528 1198 Core 545 | 3 . . . . . 542 Treads 1312 | 37 104 106 170 32 258 605 Legs 321 | . . . . . 270 51 Wheels . | . . . . . . . Hover . | . . . . . . . Flight . | . . . . . . . Fastest Speed 50 | 50 160 160 160 160 120 50 Average Speed 148 | 151 160 160 160 160 153 141 Slowest Speed 385 | 160 160 160 160 160 190 385 Overloaded Moves . | . . . . . . . Propulsion Burnouts . | . . . . . . . Robots Hopped . | . . . . . . . Cave-ins Triggered . | . . . . . . . Exploration Rate (%) 27 | 3 29 42 37 9 43 32 Regions Visited 6 Branch Regions 3 Pre-discovered Areas . | . . . . . . . Known Exits Taken . | . . . . . . . Unknown Exits Taken 6 | 1 1 1 1 1 1 . Scrap Searched . | . . . . . . . Spaces Dug 15 | . . . . . . 15 Terrain Destroyed 63 | . . . . . 10 53 Melee 15 | . . . . . . 15 Projectile . | . . . . . . . AOE 48 | . . . . . 10 38 Terrain Rammed . | . . . . . . . Walls Destroyed . | . . . . . . . Machines Disabled . | . . . . . . . Actions | -11 -10 -10 -10 -9 -8 -7 --------- Run | Yrd Mat Min Exi Min Mat Fac Total 2681 | 51 130 117 169 31 711 1472 Wait 241 | . 13 8 . . 106 114 Move 2172 | 39 103 105 169 31 527 1198 Hop . | . . . . . . . Pick Up 29 | 6 4 2 . . 7 10 Fast Attach 21 | 6 . . . . 7 8 Attach 26 | . 1 . . . 7 18 Detach 8 | . . . . . 2 6 Swap 17 | . 2 . . . 3 12 Drop 24 | . 1 2 . . 10 11 Fire 108 | . 6 . . . 42 60 Melee 18 | . . . . . . 18 Ram 2 | . . . . . . 2 Kick . | . . . . . . . Crush . | . . . . . . . Escape Stasis 15 | . . . . . . 15 Rewire . | . . . . . . . Trap . | . . . . . . . Miscellaneous . | . . . . . . . Route ------- -11/Scrapyard -10/Materials -10/Mines -10/Exiles -9/Mines -8/Materials -7/Factory History --------- Turn | Location | Event 6 | -11/Scrapyard | Discovered new exit (range 14) 76 | -11/Scrapyard | Entered Materials 139 | -10/Materials | Met 8R-AWN 255 | -10/Materials | Discovered new exit (range 16) 279 | -10/Materials | Entered Mines 281 | -10/Mines | Followed 8R-AWN into the Mines 304 | -10/Mines | Build established: Mutant 426 | -10/Mines | Assembled infested the area 431 | -10/Mines | Assisted by a Guerilla fighting off Assembled 439 | -10/Mines | Found a damaged Exp. Sensor Array with a note attached 443 | -10/Mines | Found Prototype Device 452 | -10/Mines | Discovered new exit (range 5) 458 | -10/Mines | Entered Exiles 458 | -10/Exiles | Accompanied by 2 allies 486 | -10/Exiles | Discovered new exit (range 15) 488 | -10/Exiles | Led the pair of lost Derelicts to a safe place 506 | -10/Exiles | Welcomed by 8R-AWN 534 | -10/Exiles | Met EX-HEX 583 | -10/Exiles | Met EX-BIN 606 | -10/Exiles | Aligned with FarCom system 607 | -10/Exiles | Given EX-Vault access code 673 | -10/Exiles | Learned about 8R-AWN's background 729 | -10/Exiles | Entered Mines 757 | -9/Mines | Discovered new exit (range 15) 761 | -9/Mines | Learned location of 1 exit from Proximity Caves 779 | -9/Mines | Entered Materials 779 | -8/Materials | Evolved 4 slots: Propulsion x2, Utility x2 1263 | -8/Materials | Repaired Lgt. Treads 1816 | -8/Materials | Build established: Scavenger-Mutant 1826 | -8/Materials | Discovered new exit (range 13) 1848 | -8/Materials | Entered Factory 1848 | -7/Factory | Evolved 2 slots: Utility x2 1849 | -7/Factory | Identified Exp. Sensor Array 2399 | -7/Factory | Build established: Mutant 2767 | -7/Factory | Lost 4 parts (2n2w) 3528 | -7/Factory | System corruption reached 10% 3669 | -7/Factory | Released all parts (5) 3676 | -7/Factory | Core integrity fell below 50% 3693 | -7/Factory | Lost 6 parts (1p2n1u2w) 3939 | -7/Factory | Core integrity fell below 20% 3958 | -7/Factory | Destroyed by G-47 Trooper with Particle Gun Last Messages --------------- 03807_ Field strength at 34. 03808_ Field strength at 28. 03809_ Field strength at 22. 03810_ Field strength at 16. 03811_ Field strength at 10. 03812_ Field strength at 4. 03813_ Stasis field depleted. 03814_ U-05 Engineer lays Concrete. 03830_ System corrupted: Matter fused (-9). 03848_ System corrupted: Substantial component data lost. 03864_ System corrupted: Heat flow error (+280). 03882_ 4EBVO=SQWRXQC2QDFGBT5DC# 03922_ ALERT: Hostiles spotted, dispatching reinforcements to Terminal F002. 03939_ K,P&EIXHDE%A ZQJ ZOS3Z BQ5JI Map ----- +----------------------------------------------------+ | #????????????????# ### "F "" """" # | | #??#####?????????# #?# """"" # | | """"#??#"#"########### #?# # | | """"#??## + #?##+########### | | """"#???# # #??# #########?# | | """"#??## # #### #"""T"""### | | """"#??#" # | | """"#??## # | | #???# + """ """ """ """ | | #####"##### # """ """ """ """ | | """ """ # # """ """ """ """ | | """ """ # ### | | """ """ # w #?# """ """ | | # #?# "" "" """ """ | | ] [ " #?# #### "F "" """ """ | | ####+#######+##/########?# #??# """"" | | #?# #" #????????# #??# | | ####"+ "###??######+#### | | # ] #??# # ###+########## | | " """ # #??# """" # # #? | | " """ # #??# """" !# # """ #? | | " """ + #??# """" # # "R """ #? | | # """ """ #??#! """" # # """ """ #? | | # """ """ #??# # # "" """ #? | | # """ """ #??# #^ ^^^# #? | | # #### @ # # #? | | #### ##################/##### ##+######+###? | | ???# ##??????## #??? | | ???# T#???????# ] #??? | | ???# #???????# #??? | | ???# ########## s gg ] """ #??? | | ???# ss g """ #??? | | ???# s #### ###### #### """ #??? | | ???# ####+######+#??#"" """ #??? | | ???############## # ##"" ??? | | ????????????????# # """" """" #?"" """ ??? | | ????????????????# # """" """?????G """ ??? | | ????????????????# + """" """"?????? "?" ??? | | ????????????????# # """" """"?????? "?" ??? | | ????????????????# # ???????? ? ??? | | ????????????????# ##############????????! ??? | | ?##?########????# ??????? ??? | | #????# ????????????? | | """ """ #????# ????????????? | | """ """ #????# ????????????? | | """ """ #????# ????????????? | | #????# ###########+##?????????????? | | """ """ #????# # = #????????????????? | | """ """ #????# # """ ] #????????????????? | | """ """ #????# # """ ]] #????????????????? | +----------------------------------------------------+ Best States ------------- Heat Dissipation 62 Energy Generation 14 Energy Capacity 440 Matter Stores 285 Matter Capacity 300 Sight Range 16 Robot Scan Range 20 Terrain Scan Density 110 Armor Coverage 450 Resistance: KI 30 Evasion (%) 55 Recoil Reduction 3 Item Schematics ----------------- None Robot Schematics ------------------ None Fabricated ------------ Nothing Alien Tech Used ----------------- None Achievements -------------- None Challenges ------------ None Game ------ Seed ThrowingSniperBarrier Manual? 0 Play Time 00:36:46 Cumulative 36.5 hours Start 2024.11.09 @ 02:33:56 End 2024.11.09 @ 03:11:09 Sessions 1 Manual Loads 0 Difficulty Rogue Special Mode None Game No. 55 Rogue 55 Adventurer 0 Explorer 0 Win Type - Total 1 Types 1/0/0/0/0/0/0/0/0 Lore% 16 Gallery% 34 Achievement% 32 Wizard Run 0 Options --------- Layout 1 ASCII 0 Keyboard 0 Movement Mouse Keybinds 0 Fullscreen 2 Font 32/SmallcapsGlow Map View 50x35 Zoom Use 0% Tactical HUD 1 Map Filters NONE Filters NONE Steam 1 RUN: 4b639612-08a5-4504-b04e-2c0f0f5ccde8